 Dungeon Crawl Stone Soup version 0.29.0-4-gdea44cf6ec (webtiles) character file.

Game seed: 7899979136233743475

3051 qw the Cleaver (level 9, -2/73 HPs)
             Began as a Demonspawn Cinder Acolyte on Sept 9, 2022.
             Was a Priest of Ignis.
             Slain by Maggie
             ... wielding a +0 glaive
              (3 damage)
             ... on level 7 of the Dungeon.
             The game lasted 00:02:31 (7462 turns).

qw the Cleaver (Demonspawn Cinder Acolyte)          Turns: 7462, Time: 00:02:32

Health: -2/73      AC: 21    Str: 22    XL:     9   Next: 57%
Magic:  10/10      EV:  8    Int: 12    God:    Ignis [***...]
Gold:   504        SH:  0    Dex:  9    Spells: 10/10 levels left

rFire   + . .      SeeInvis .   Y - +1 war axe (drain)
rCold   . . .      Faith    .   (no shield)
rNeg    . . .      Spirit   .   c - +0 chain mail
rPois   .          Reflect  .   (no helmet)
rElec   .          Harm     .   (no cloak)
rCorr   .          Rampage  .   (no gloves)
Will    .....                   (no boots)
Stlth   ..........              (no amulet)
HPRegen 0.22/turn               k - +4 ring of protection
MPRegen 0.12/turn               (no ring)

@: fiery-armoured
A: claws 1, rugged brown scales 1, powered by pain 2, demonic magic 2, dopey 1,
sense surroundings 1, strong 1
a: Renounce Religion, Fiery Armour, Foxfire Swarm, Rising Flame


You were on level 7 of the Dungeon.
You worshipped Ignis.
Ignis was most pleased with you.
You visited 1 branch of the dungeon, and saw 7 of its levels.

You collected 504 gold pieces.


Innate Abilities, Weirdness & Mutations

You have sharp fingernails.
You are partially covered in rugged brown scales. (AC +1, +3% HP)
You sometimes gain power by taking damage.
Spells you cast may paralyse nearby enemies.
You are dopey. (Int -2)
You passively map a small area around you.
Your muscles are strong. (Str +4, Int/Dex -1)


   Skills:
 + Level 6.4 Fighting
 - Level 10.0 Axes
 - Level 3.2 Throwing
 - Level 3.2 Armour
 - Level 2.2 Dodging
 - Level 1.0 Spellcasting
 - Level 2.6 Fire Magic


You had 10 spell levels left.
You didn't know any spells.
Your spell library contained the following spells:

 Spells                   Type           Power      Damage    Failure   Level
 Scorch                   Fire           14%        2d6       78%         2

Inventory:

Hand Weapons
 a - a -1 hand axe of flaming
 Y - a +1 war axe of draining (weapon)
Armour
 c - a +0 chain mail (worn)
 n - the +2 pair of boots of Grot {Regen+}
   (You found it on level 7 of the Dungeon)

   Regen:     It increases your rate of health regeneration.
Jewellery
 k - a +4 ring of protection (left claw)
Scrolls
 e - a scroll of teleportation
 m - a scroll of fog {unknown}
 o - a scroll of enchant armour {unknown}
Potions
 b - a potion of haste {unknown}
 d - a potion of resistance {unknown}
 f - a potion of attraction {unknown}
 g - a potion of cancellation
 h - a potion of brilliance {unknown}
 i - 4 potions of curing
 j - a potion of might {unknown}
 p - a potion of mutation

Dungeon Overview and Level Annotations

Branches:
Dungeon (7/15)
 Temple: D:4-7

Altars:
Ashenzari
Fedhas
Yredelemnul

Shops:
D:1 =

Annotations:
D:7 Maggie


Message History

You feel sick.
The water moccasin bites you but does no damage. x2
You hit the water moccasin.
The water moccasin is almost dead.
You feel sick. The water moccasin barely misses you.
You hear some strange, mumbled words.
A bolt of fire appears from out of thin air!
The bolt of fire hits you. You resist.
You miss the water moccasin.
The water moccasin is almost dead.
You feel sick. The water moccasin bites you. Something hits you!
The water moccasin bites you but does no damage.
7454 ||| INVOKING Fiery Armour.
A protective cloak of flame settles atop you.
You feel sick.
The water moccasin bites you but does no damage.
The water moccasin is burned by your cloak of flames.
You kill the water moccasin!
Something hits you.
You swing at nothing.
You feel sick.
You are no longer poisoned.
Something hits you.
You swing at nothing.
Something hits you but does no damage.
You swing at nothing.
Something hits you.
You swing at nothing.
Something hits you but does no damage.
You swing at nothing.
Something hits you.
You swing at nothing.
Something hits you!
You swing at nothing.
You hear some strange, mumbled words.
A bolt of fire appears from out of thin air!
The bolt of fire hits you but does no damage.
You swing at nothing.
Something hits you.
You die...

######.## #.# #
...##..# #.# .#
##....# #.###..
##...# #....
#....#### #..#*
#.#.....####..#####
..#.###...........#
#*#)# #######.)##.#
# #.# .........@%#
#.# .......###({.#
#.# ......## *.#..#
##.#, ...... * ..
(# * ##..# ,......
... .. , ...##
......* .... ..
####*, ....., .....
. * ,......


There were no monsters in sight!

Vanquished Creatures
  Sigmund (D:2)
  Eustachio (D:4)
  2 steam dragons
  2 water moccasins
  An ice beast (D:7)
  An orc warrior (D:7)
  A sky beast (D:6)
  2 ogres (D:6)
  A phantom (D:5)
  A kobold brigand (D:6)
  2 bullfrogs
  A gnoll sergeant (D:6)
  5 scorpions
  A necrophage (D:6)
  3 wights (D:7)
  2 howler monkeys
  6 jellies
  4 hounds
  4 iguanas
  An orc wizard (D:7)
  9 gnolls
  14 adders
  A white imp (D:6)
  A worm (D:5)
  5 dart slugs
  5 orcs
  5 bats
  6 endoplasms
  A giant cockroach (D:4)
  5 hobgoblins
  11 kobolds
  3 quokkas
  5 ball pythons
  5 frilled lizards
  10 goblins
  6 rats
134 creatures vanquished.

Vanquished Creatures (others)
  A wizard (D:7)
  5 plants (D:2)
  14 toadstools (D:6)
20 creatures vanquished.

Grand Total: 154 creatures vanquished

Notes
Turn   | Place    | Note
-------+----------+-------------------------------------------
     0 | D:1      | qw the Demonspawn Cinder Acolyte began the quest for the
                  | Orb.
     0 | D:1      | Reached XP level 1. HP: 18/18 MP: 2/2
     0 | D:1      | 0 ||| qw: Version: 0.1-a-113-g051387a
     0 | D:1      | 0 ||| qw: Game counter: 7205
     0 | D:1      | 0 ||| qw: Always use a shield: true
     0 | D:1      | 0 ||| qw: God list: Okawaru
     0 | D:1      | 0 ||| qw: Allow faded altars: false
     0 | D:1      | 0 ||| qw: Do Orc after D:15 true
     0 | D:1      | 0 ||| qw: Do second Lair branch before Depths: true
     0 | D:1      | 0 ||| qw: Lair rune preference: random
     0 | D:1      | 0 ||| qw: Plans: Normal
     0 | D:1      | 0 ||| PLANNING D:1-11
   238 | D:1      | Reached skill level 3 in Axes
   389 | D:1      | Gained mutation: You are partially covered in rugged brown
                  | scales. (AC +1, +3% HP) [demonic ancestry]
   389 | D:1      | Reached XP level 2. HP: 18/24 MP: 3/3
   534 | D:1      | 534 ||| Stepping ~*~*~tactically~*~*~ (stealth).
   537 | D:1      | 537 ||| Stepping ~*~*~tactically~*~*~ (stealth).
   759 | D:1      | Found Tuogyon's Jewellery Boutique.
   765 | D:1      | 765 ||| SHOPLISTING +4 ring of slaying (1092 gold, have
                  | 28).
   765 | D:1      | 765 ||| SHOPLISTING +6 ring of strength (504 gold, have
                  | 28).
   765 | D:1      | 765 ||| SHOPLISTING amulet "Fapreick" {Acrobat rElec rPois
                  | Regen+ Dex+5} (821 gold, have 28).
   765 | D:1      | 765 ||| SHOPLISTING amulet "Sesus" {Reflect Drain rElec
                  | Int+7 SH+5} (743 gold, have 28).
   765 | D:1      | 765 ||| SHOPLISTING amulet of guardian spirit (420 gold,
                  | have 28).
   765 | D:1      | 765 ||| SHOPLISTING amulet of regeneration (420 gold, have
                  | 28).
   877 | D:1      | 877 ||| UPGRADING to +0 leather armour.
   887 | D:1      | 887 ||| DROPPING +0 robe.
   968 | D:2      | Gained mutation: You have sharp fingernails. [demonic
                  | ancestry]
   968 | D:2      | Reached XP level 3. HP: 21/29 MP: 4/4
  1055 | D:2      | Noticed Sigmund
  1070 | D:2      | Killed Sigmund
  1071 | D:2      | Reached skill level 5 in Axes
  1071 | D:2      | Gained mutation: Spells you cast may paralyse adjacent
                  | enemies. [demonic ancestry]
  1071 | D:2      | Reached XP level 4. HP: 20/36 MP: 5/5
  1071 | D:2      | Gained mutation: You sometimes gain a little power by
                  | taking damage. [demonic ancestry]
  1071 | D:2      | Reached XP level 5. HP: 23/42 MP: 6/6
  1282 | D:2      | Reached skill level 1 in Dodging
  1286 | D:2      | 1286 ||| Stepping ~*~*~tactically~*~*~ (stealth).
  1483 | D:2      | 1483 ||| FLEEEEING.
  1710 | D:2      | 1710 ||| SWAPPING to +0 war axe.
  1782 | D:2      | Found a faded altar of an unknown god.
  1991 | D:2      | 1991 ||| UPGRADING to +0 scale mail.
  2001 | D:2      | 2001 ||| DROPPING +0 leather armour.
  2002 | D:2      | 2002 ||| READING 2 scrolls labelled JATYINAMOMU.
  2006 | D:2      | 2006 ||| READING scroll labelled QAVAUM EMOEGOPE.
  2107 | D:2      | 2107 ||| DRINKING 2 fuming ruby potions.
  2107 | D:2      | Gained mutation: You are clumsy. (Dex -2) [potion of
                  | mutation]
  2107 | D:2      | Gained mutation: You sometimes lose your temper in combat.
                  | [potion of mutation]
  2107 | D:2      | Gained mutation: Your muscles are strong. (Str +4, Int/Dex
                  | -1) [potion of mutation]
  2108 | D:2      | 2108 ||| DRINKING potion of mutation.
  2108 | D:2      | Lost mutation: You sometimes lose your temper in combat.
                  | [potion of mutation]
  2108 | D:2      | Lost mutation: You are clumsy. (Dex -2) [potion of
                  | mutation]
  2108 | D:2      | Gained mutation: You are clumsy. (Dex -2) [potion of
                  | mutation]
  2108 | D:2      | Gained mutation: You have a pair of small horns on your
                  | head. [potion of mutation]
  2108 | D:2      | Gained mutation: Armour fits poorly on your strangely
                  | shaped body. [potion of mutation]
  2326 | D:3      | 2326 ||| INVOKING Fiery Armour.
  2327 | D:3      | 2327 ||| Stepping ~*~*~tactically~*~*~ (hiding).
  2335 | D:3      | 2335 ||| FLEEEEING.
  2336 | D:3      | 2336 ||| FLEEEEING.
  2340 | D:3      | Reached skill level 1 in Armour
  2340 | D:3      | Gained mutation: You sometimes gain power by taking damage.
                  | [demonic ancestry]
  2340 | D:3      | Reached XP level 6. HP: 38/48 MP: 7/7
  2431 | D:3      | Found a basalt altar of Yredelemnul.
  2491 | D:3      | 2491 ||| Stepping ~*~*~tactically~*~*~ (stealth).
  2598 | D:3      | Reached skill level 6 in Axes
  3068 | D:3      | 3068 ||| UPGRADING to +0 chain mail.
  3078 | D:3      | 3078 ||| DROPPING +0 scale mail.
  3079 | D:3      | 3079 ||| READING scroll labelled FUSTOE VONOC.
  3080 | D:3      | 3080 ||| READING scroll labelled VUTUIST SAUR.
  3081 | D:3      | 3081 ||| READING scroll labelled NAOZUCVUJO.
  3082 | D:3      | 3082 ||| READING scroll labelled IHUAZE PICITE.
  3280 | D:4      | 3280 ||| Stepping ~*~*~tactically~*~*~ (hiding).
  3284 | D:4      | 3284 ||| Stepping ~*~*~tactically~*~*~ (hiding).
  3416 | D:4      | Noticed Eustachio
  3428 | D:4      | 3428 ||| INVOKING Fiery Armour.
  3442 | D:4      | HP: 12/48 [white imp/puff of frost[Eustachio] (6)]
  3443 | D:4      | 3443 ||| READING scroll of teleportation.
  3445 | D:4      | Killed Eustachio
  3446 | D:4      | Reached skill level 3 in Armour
  3710 | D:4      | 3710 ||| Stepping ~*~*~tactically~*~*~ (hiding).
  3721 | D:4      | Gained mutation: Spells you cast may paralyse nearby
                  | enemies. [demonic ancestry]
  3721 | D:4      | Reached XP level 7. HP: 53/53 MP: 8/8
  3732 | D:4      | 3732 ||| Stepping ~*~*~tactically~*~*~ (hiding).
  4410 | D:4      | 4410 ||| READING 2 scrolls labelled RUOC ZULYAHA.
  4411 | D:4      | 4411 ||| READING scroll of brand weapon.
  4411 | D:4      | 4411 ||| BRANDING +1 war axe of protection.
  4412 | D:4      | 4412 ||| READING 2 scrolls labelled MAOMAIL DEDELI.
  4413 | D:4      | 4413 ||| DRINKING 2 bubbling golden potions.
  4414 | D:4      | 4414 ||| DROPPING scroll of noise.
  4458 | D:5      | Entered Level 5 of the Dungeon
  4554 | D:5      | Found a broken altar of Ashenzari.
  4568 | D:5      | 4568 ||| READING 2 scrolls of teleportation.
  4593 | D:5      | 4593 ||| Stepping ~*~*~tactically~*~*~ (stealth).
  4836 | D:5      | 4836 ||| INVOKING Fiery Armour.
  4839 | D:5      | Reached skill level 7 in Axes
  4842 | D:5      | HP: 13/55 [poisoned by a water moccasin]
  5154 | D:5      | 5154 ||| DRINKING potion of mutation.
  5154 | D:5      | Lost mutation: Armour fits poorly on your strangely shaped
                  | body. [potion of mutation]
  5154 | D:5      | Lost mutation: You have a pair of small horns on your head.
                  | [potion of mutation]
  5154 | D:5      | Lost mutation: You are clumsy. (Dex -2) [potion of
                  | mutation]
  5154 | D:5      | Gained mutation: You passively map a small area around you.
                  | [potion of mutation]
  5154 | D:5      | Gained mutation: You are dopey. (Int -2) [potion of
                  | mutation]
  5555 | D:5      | Reached XP level 8. HP: 61/61 MP: 9/9
  5672 | D:5      | Reached skill level 8 in Axes
  5883 | D:5      | 5883 ||| UPGRADING to +4 ring of protection.
  5884 | D:5      | 5884 ||| READING scroll labelled QAGYAN KUUTZ.
  5885 | D:5      | 5885 ||| DRINKING 3 sedimented green potions.
  5956 | D:6      | 5956 ||| Stepping ~*~*~tactically~*~*~ (hiding).
  6127 | D:6      | Reached skill level 1 in Throwing
  6179 | D:6      | 6179 ||| Stepping ~*~*~tactically~*~*~ (stealth).
  6195 | D:6      | 6195 ||| Stepping ~*~*~tactically~*~*~ (stealth).
  6196 | D:6      | 6196 ||| Stepping ~*~*~tactically~*~*~ (stealth).
  6300 | D:6      | 6300 ||| Stepping ~*~*~tactically~*~*~ (stealth).
  6302 | D:6      | 6302 ||| Stepping ~*~*~tactically~*~*~ (stealth).
  6304 | D:6      | 6304 ||| Stepping ~*~*~tactically~*~*~ (stealth).
  6306 | D:6      | 6306 ||| Stepping ~*~*~tactically~*~*~ (hiding).
  6441 | D:6      | 6441 ||| Stepping ~*~*~tactically~*~*~ (stealth).
  6463 | D:6      | Reached skill level 9 in Axes
  6680 | D:6      | Found a blossoming altar of Fedhas.
  6696 | D:6      | Noticed an oklob plant
  6697 | D:6      | 6697 ||| INVOKING Fiery Armour.
  6803 | D:6      | Reached skill level 3 in Throwing
  6803 | D:6      | Reached XP level 9. HP: 70/70 MP: 10/10
  6943 | D:7      | Noticed a wizard
  6954 | D:7      | Reached skill level 6 in Fighting
  6972 | D:7      | 6972 ||| INVOKING Fiery Armour.
  6972 | D:7      | Killed a wizard
  6983 | D:7      | 6983 ||| FLEEEEING.
  6987 | D:7      | 6987 ||| FLEEEEING.
  6990 | D:7      | 6990 ||| STAIRDANCE
  7248 | D:7      | Identified the +2 pair of boots of Grot {Regen+}
  7300 | D:7      | 7300 ||| Stepping ~*~*~tactically~*~*~ (stealth).
  7318 | D:7      | Reached skill level 10 in Axes
  7440 | D:7      | 7440 ||| Stepping ~*~*~tactically~*~*~ (stealth).
  7444 | D:7      | Noticed Maggie
  7454 | D:7      | 7454 ||| INVOKING Fiery Armour.
  7455 | D:7      | HP: 18/73 [something (4)]
  7460 | D:7      | HP: 1/73 [something (13)]
  7462 | D:7      | Slain by Maggie

Levels and vault maps discovered:
D:1:      tarquinn_simple_flora_water_d, layout_basic, serial_shops, shop,
          grunt_decor_resistance
D:2:      layout_rooms, shapermc_ecumenical_altar_hornbeckon, uniq_sigmund
D:3:      layout_basic, marbit_many_paths, hangedman_abyss_or_decor_stabs,
          fountainhead
D:4:      layout_rooms, serial_rivers, chequers_serial_rivers_micro_e,
          chequers_serial_rivers_micro_a, chequers_serial_rivers_micro_b,
          chequers_serial_rivers_small_b, uniq_eustachio
D:5:      layout_basic, amcnicky_altar_gilded, kennysheep_dice
D:6:      layout_rooms, tgw_fedhas, roderic_st_hans_cross
D:7:      cheibrodos_wizards_tower, layout_rooms,
          minmay_temple_entry_sparse_star, kennysheep_small_square, uniq_maggie

Skill      XL: |  1  2  3  4  5  6  7  8  9 |
---------------+----------------------------+-----
Axes           | 3 5 6 7 9 10 | 10.0
Dodging        | 1 2 |  2.2
Armour         | 1 3 |  3.2
Fighting       | 4 5 6 |  6.4
Throwing       | 3 |  3.2
Spellcasting   | |  1.0
Fire Magic     | |  2.6

Action                   |  1- 3 |  4- 6 |  7- 9 || total
-------------------------+-------+-------+-------++-------
Melee: Hand axe          |    57 |    64 |       ||   121
       War axe           |       |   108 |   254 ||   362
       Headbutt          |       |     9 |    10 ||    19
       Punch             |       |       |     5 ||     5
Throw: Javelin           |       |       |    33 ||    33
Invok: Fiery Armour      |       |     2 |     4 ||     6
  Use: Scroll            |       |     7 |     5 ||    12
       Potion            |       |     2 |     3 ||     5
Armor: Robe              |    10 |       |       ||    10
       Leather armour    |     4 |    30 |       ||    34
       Scale mail        |       |    14 |       ||    14
       Chain mail        |       |    21 |   156 ||   177
Dodge: Dodged            |    40 |    97 |    85 ||   222

Table legend:
 A = Non-vault XP
 B = Vault XP
 C = Vault XP percentage of total XP
 D = Non-vault monster count
 E = Vault monster count
 F = Vault count percentage of total count
                 A         B        C        D         E       F
            +---------+---------+-------+---------+---------+-------
      Total |    3528 |     831 |  19.1 |     128 |       7 |   5.2
            +---------+---------+-------+---------+---------+-------
        D:1 |      19 |       0 |   0.0 |      13 |       0 |   0.0
        D:2 |      97 |     226 |  70.0 |      23 |       1 |   4.2
        D:3 |     131 |       1 |   0.8 |      16 |       1 |   5.9
        D:4 |     222 |     202 |  47.6 |      19 |       1 |   5.0
        D:5 |     637 |     123 |  16.2 |      14 |       3 |  17.6
        D:6 |    1207 |       0 |   0.0 |      27 |       0 |   0.0
        D:7 |    1215 |     279 |  18.7 |      16 |       1 |   5.9
            +---------+---------+-------+---------+---------+-------
